 Dungeon Crawl Stone Soup version 0.28-a0-706-gf6f64a616a (webtiles) character file.

Game seed: 9704454258921650892

1305 ytrimaz the Chopper (level 8, -1/63 HPs)
             Began as a Formicid Fighter on Oct 24, 2021.
             Was an Initiate of the Shining One.
             Killed from afar by an electric eel (8 damage)
             ... with a bolt of electricity
             ... on level 7 of the Dungeon.
             The game lasted 00:08:33 (7083 turns).

ytrimaz the Chopper (Formicid Fighter)              Turns: 7083, Time: 00:08:33

Health: -1/63      AC:  7    Str: 24      XL:     8   Next: 88%
Magic:  8/8        EV: 10    Int:  7      God:    the Shining One [......]
Gold:   176        SH:  4    Dex:  8 (10) Spells: 7/7 levels left

rFire   . . .      SeeInvis +   d - +0 battleaxe
rCold   . . .      Faith    +   c - +0 buckler
rNeg    . . .      Spirit   .   b - +0 scale mail
rPois   .          Reflect  .   (helmet unavailable)
rElec   .          Harm     .   (no cloak)
rCorr   .          Rampage  .   (no gloves)
Will    .....                   (no boots)
Stlth   ..........              e - amulet of faith
HPRegen 0.20/turn               f - ring of flight
MPRegen 0.11/turn               (no ring)

@: flying, glowing
A: permanent stasis, dig shafts and tunnels, antennae 3, four strong arms
a: Dig, Shaft Self, Renounce Religion


You were on level 7 of the Dungeon.
You worshipped the Shining One.
The Shining One was noncommittal.
You visited 2 branches of the dungeon, and saw 8 of its levels.

You collected 176 gold pieces.

Inventory:

Hand Weapons
 a - a +0 war axe
 d - a +0 battleaxe (weapon)
Armour
 b - a +0 scale mail (worn)
 c - a +0 buckler (worn)
Jewellery
 e - an amulet of faith (around neck)
 f - a ring of flight (left hand)
Wands
 k - a wand of iceblast (23)
 m - a wand of flame (31)
Scrolls
 h - a scroll of vulnerability
 j - 3 scrolls of magic mapping
 l - 5 scrolls of amnesia
Potions
 g - a potion of heal wounds {unknown}
 i - 3 potions of flight
 o - 2 potions of attraction


   Skills:
 * Level 5.5 Fighting
 * Level 7.6 Axes
 * Level 6.7 Armour
 - Level 3.6 Shields
 + Level 1.3 Evocations


You had 7 spell levels left.
You didn't know any spells.
Your spell library contained the following spells:

 Spells                   Type           Power      Damage    Failure   Level
 Beastly Appendage        Tmut           0%         N/A       71%         1
 Ensorcelled Hibernation  Hex/Ice        0%         N/A       83%         2
 Wereblood                Tmut           0%         N/A       83%         2
 Inner Flame              Hex/Fire       0%         N/A       97%         3
 Spider Form              Tmut/Pois      0%         N/A       97%         3
 Tukima's Dance           Hex            0%         N/A       97%         3
 Cause Fear               Hex            0%         N/A       100%        4
 Discord                  Hex            0%         N/A       100%        8


Dungeon Overview and Level Annotations

Branches:
Dungeon (6/15)             Temple (1/1) D:5

Altars:
Ashenzari
Cheibriados
Dithmenos
Fedhas
Hepliaklqana
Makhleb
Qazlal
Ru
Sif Muna
Uskayaw
Vehumet
Wu Jian
Yredelemnul
Zin
The Shining One

Shops:
D:2 (

Annotations:
D:3 3 runed translucent doors, quinnr's ghost, amateur TeAE


Innate Abilities, Weirdness & Mutations

You cannot be hasted, slowed, berserked, paralysed or teleported.
You can dig through walls and to a lower floor.
You have a pair of large antennae on your head. (SInv)
Your four strong arms can wield two-handed weapons with a shield.


Message History

You barely miss the gnoll. The gnoll barely misses you.
The gnoll closely misses you.
You slash the gnoll!
You kill the gnoll!
You now have 176 gold pieces (gained 8).
You see here a +0 club.
You start resting.
A water moccasin comes into view.
You start resting.
A water moccasin is nearby!
The water moccasin hisses angrily.
You block the water moccasin's attack.
Are you sure you want to shaft yourself?
The water moccasin bites you but does no damage.
You begin to dig a shaft.
You continue digging a shaft.
The water moccasin closely misses you.
The water moccasin bites you but does no damage.
A shaft appears beneath you!
You are sucked into a shaft and drop 1 floor!
The shaft crumbles and collapses.
Found 4 curare-tipped darts.
You start resting.
You sense a monster nearby.
Found a stone staircase leading down.
An electric eel comes into view.
The electric eel shoots out a bolt of lightning at you!
The bolt of electricity hits the plant.
The plant begins to die.
The bolt of electricity hits you!
The electric eel shoots out a bolt of lightning at you!
The bolt of electricity hits the plant! x2; The plant begins to die.
The bolt of electricity hits you!
* * * LOW HITPOINT WARNING * * *
The electric eel shoots out a bolt of lightning at you!
The bolt of electricity hits the plant!
The plant begins to die.
The bolt of electricity hits the plant!
The plant begins to die.
The bolt of electricity hits you!
* * * LOW HITPOINT WARNING * * *
The electric eel shoots out a bolt of lightning at you!
The bolt of electricity hits the plant! x2; The bolt of electricity hits you!
You die...

............###
#..............# >
#..............#..
#.................
#...............(.
#............##..
#...........##.
#...............
#.....@..........
♣♣♣♣♣....##.........
♣♣≈≈≈PPP≈≈≈P.........
♣P≈S≈P≈≈≈≈≈≈.........
♣≈≈≈≈≈≈≈≈≈P..........
≈≈≈≈≈≈PPP≈≈≈........
≈≈≈≈≈≈P≈P≈P≈.......
≈≈≈≈≈≈≈≈P≈.......
≈≈≈≈≈≈≈≈P≈.......


You could see an electric eel.

Vanquished Creatures
  Menkaure (D:4)
  Edmund (D:6)
  A black bear (D:5)
  An ogre (D:6)
  A necrophage (D:5)
  A phantom (D:5)
  A wyvern zombie (D:5)
  A scorpion (D:5)
  5 wights (D:4)
  A bullfrog zombie (D:5)
  A bullfrog skeleton (D:6)
  2 hounds
  A jelly (D:5)
  An orc priest (D:5)
  An iguana (D:5)
  2 orc wizards (D:5)
  A hound skeleton (D:5)
  6 gnolls
  An adder (D:2)
  An adder skeleton (D:4)
  2 worms (D:3)
  10 dart slugs
  4 orcs
  3 ball pythons
  3 bats
  3 endoplasms
  4 goblins
  A hobgoblin (D:3)
  3 jackals (D:2)
  A quokka (D:1)
  3 frilled lizards
  7 kobolds
  4 rats
79 creatures vanquished.

Vanquished Creatures (others)
  A dart slug (D:4)
1 creature vanquished.

Grand Total: 80 creatures vanquished

Notes
Turn   | Place    | Note
-------+----------+-------------------------------------------
     0 | D:1      | ytrimaz the Formicid Fighter began the quest for the Orb.
     0 | D:1      | Reached XP level 1. HP: 18/18 MP: 1/1
   696 | D:1      | Reached XP level 2. HP: 14/24 MP: 2/2
  1047 | D:2      | Found a faded altar of an unknown god.
  1049 | D:2      | Noticed an eye of devastation
  1049 | D:2      | Noticed an eye of devastation
  1062 | D:2      | Noticed an eye of devastation
  1062 | D:2      | Noticed a golden eye
  1391 | D:2      | Found Yvoboten's Weapon Shoppe.
  1629 | D:2      | Reached XP level 3. HP: 22/30 MP: 3/3
  2580 | D:3      | Reached skill level 3 in Axes
  2580 | D:3      | Reached XP level 4. HP: 37/37 MP: 4/4
  2590 | D:3      | Found a runed translucent gate.
  2590 | D:3      | Found a runed translucent gate.
  2590 | D:3      | Found a runed translucent gate.
  2590 | D:3      | Noticed quinnr's ghost (amateur TeAE)
  3475 | D:4      | Identified the +6 leather armour "Kiseitacs" {Fly rF- Dex-4
                  | SInv}
  3786 | D:4      | Reached XP level 5. HP: 42/42 MP: 5/5
  3792 | D:4      | Reached skill level 4 in Axes
  3792 | D:4      | HP: 2/60 [wight (2)]
  3795 | D:4      | Reached XP level 6. HP: 2/48 MP: 6/6
  4246 | D:5      | Entered Level 5 of the Dungeon
  4246 | D:5      | Noticed Menkaure
  4354 | D:4      | Killed Menkaure
  4355 | D:4      | Reached skill level 5 in Axes
  4355 | D:4      | Reached skill level 5 in Armour
  4355 | D:4      | Reached XP level 7. HP: 55/55 MP: 7/7
  4468 | D:5      | HP: 1/55 [orc priest/divine providence (12)]
  4949 | D:5      | Noticed a water moccasin
  4990 | D:3      | You are sucked into a shaft and drop 2 floors!
  5351 | D:5      | Reached skill level 6 in Axes
  5351 | D:5      | Reached skill level 1 in Evocations
  5370 | D:5      | Reached XP level 8. HP: 29/61 MP: 8/8
  5840 | D:5      | Reached skill level 5 in Fighting
  5930 | D:5      | Found a staircase to the Ecumenical Temple.
  6010 | Temple   | Entered the Ecumenical Temple
  6244 | Temple   | Became a worshipper of the Shining One
  6717 | D:5      | Reached skill level 7 in Axes
  6869 | D:6      | Noticed Edmund
  6879 | D:6      | Killed Edmund
  7051 | D:6      | You are sucked into a shaft and drop 1 floor!
  7083 | D:7      | Killed from afar by an electric eel

Illustrated notes

Levels and vault maps discovered:
D:1:      psy_arrival_terrarium, layout_basic, hex_intersection
D:2:      layout_loops_corners, hellmonk_ecumenical_altar_watching_god,
          serial_shops, shop_fountains
D:3:      layout_basic, gammafunk_ghost_necromancy
D:4:      kennysheep_slugbush, layout_basic, serial_curves, eino_curves_04,
          eino_curves_02
D:5:      layout_basic, minmay_temple_entry_glassed_door, uniq_menkaure
D:6:      layout_basic, minmay_misc_feat_cross, minmay_curled_crystal,
          kennysheep_pointless_box, uniq_edmund
D:7:      layout_basic, minmay_overflow_temple_star_hex,
          mainiacjoe_overflow_24_doors, ebering_ghost_reflecting_pool,
          serial_bayou, serial_bayou_pond_b, serial_bayou_shore_a,
          serial_bayou_lake_a, serial_bayou_pond_a, uniq_joseph
Temple:   regret_index_temple_generic_petals

Skill      XL: |  1  2  3  4  5  6  7  8 |
---------------+-------------------------+-----
Axes           | 3 4 5 6 7 |  7.6
Armour         | 4 5 6 |  6.7
Fighting       | 4 5 |  5.5
Evocations     | 1 |  1.3
Shields        | |  3.6

Action                   |  1- 3 |  4- 6 |  7- 9 || total
-------------------------+-------+-------+-------++-------
Melee: War axe           |   118 |    52 |       ||   170
       Battleaxe         |       |     2 |   101 ||   103
 Abil: Dig               |       |     3 |       ||     3
       Shaft Self        |       |       |     2 ||     2
Evoke: Wand              |       |    10 |     4 ||    14
  Use: Scroll            |     7 |     3 |       ||    10
       Potion            |     1 |     2 |     2 ||     5
Armor: Scale mail        |    66 |    20 |    48 ||   134
Dodge: Dodged            |    55 |    29 |    59 ||   143
Block: Buckler           |    38 |    12 |    23 ||    73

Table legend: (Time is in decaauts)
 A = Elapsed time spent in this place.
 B = Non-inter-level travel time spent in this place.
 C = Inter-level travel time spent in this place.
 D = Time resting spent in this place.
 E = Time spent auto-exploring this place.
 F = Levels seen in this place.
 G = Mean time per level.
                   A        B        C        D        E       F      G
               +--------+--------+--------+--------+--------+-----+--------+
         Total |   7189 |   6976 |    213 |   1659 |   4210 |   8 |  898.6 |
       Dungeon |   6936 |   6740 |    196 |   1659 |   4006 |   7 |  990.9 |
        Temple |    252 |    235 |     17 |      0 |    204 |   1 |  252.0 |
               +--------+--------+--------+--------+--------+-----+--------+

Top non-repeatable levels by time:
     D:5: 1789 daAuts
     D:4: 1710 daAuts
     D:2: 1119 daAuts
     D:1: 1069 daAuts
     D:3: 981 daAuts
  Temple: 252 daAuts
     D:6: 235 daAuts
     D:7: 31 daAuts
